AoeStats
← NuMa | Gacha

Lombardia

507356875Analyzed
4v4 RM · 16d ago on Sep 17, 2026· 74m 30s· 8 players
Game mode
Random Map
Map size
Large (8 player)
Population
200
Speed
Normal
Resources
Standard
Victory
Conquest
Starting age
Dark Age
Ending age
Imperial Age
RankedLock teamsTeams togetherTeam positionsShared explorationLock speedFull tech treeHidden civsTurbo modeCheats
Victory
Defeat
🇦🇷 Persians · Argentina
1192
+13
🇦🇷 Japanese · Argentina
1161
+14
1158
+14
🇨🇳 Celts · China
1112
+16
🇨🇴 Britons · Colombia
1250
-19
🇨🇴 Persians · Colombia
1156
-15
🇨🇴 Italians · Colombia
1123
-15
🇨🇴 Lithuanians · Colombia
947
-8
三只蚂蚁国际集运
3:15 Loom
14:04 Feudal Age
19:56 Castle Age
18:26 Padded Archer Armor
18:17 Fletching
22:12 Double-Bit Axe
27:45 Horse Collar
29:17 Gold Mining
31:03 Stone Mining
35:16 Imperial Age
34:09 Wheelbarrow
34:42 Stone Shaft Mining
35:07 Town Watch
35:54 Masonry
36:30 Conscription
37:15 Chemistry
35:56 Treadmill Crane
36:41 Elite Genoese Crossbowman
37:46 Ballistics
38:42 Leather Archer Armor
40:53 Ring Archer Armor
40:18 Bodkin Arrow
40:34 Forging
42:18 Bracer
44:22 Hand Cart
45:00 Town Patrol
45:23 Heavy Plow
45:35 Bow Saw
46:04 Iron Casting
46:01 Architecture
45:27 Murder Holes
45:23 Heated Shot
45:21 Arrowslits
45:27 Guard Tower
45:49 Fortified Wall
47:05 Hoardings
51:12 Coinage
51:45 Blast Furnace
51:23 Keep
55:44 Pikeman
56:24 Squires
56:45 Scale Barding Armor
56:44 Onager
56:47 Capped Ram
57:17 Arson
59:55 Two-Man Saw
59:28 Crop Rotation
60:25 Bloodlines
60:16 Husbandry
59:36 Light Cavalry
60:39 Chain Barding Armor
66:47 Plate Barding Armor
68:36 Banking
67:32 Hussar
69:29 Scale Mail Armor
张维为
11:04 Feudal Age
15:45 Castle Age
13:40 Double-Bit Axe
14:51 Horse Collar
16:47 Town Watch
21:20 Scale Barding Armor
21:53 Pikeman
28:04 Wheelbarrow
32:25 Gold Mining
34:31 Fletching
34:41 Padded Archer Armor
34:06 Elite Skirmisher
34:58 Scale Mail Armor
35:08 Forging
35:23 Bodkin Arrow
36:32 Bodkin Arrow
36:52 Leather Archer Armor
37:39 Scale Mail Armor
38:43 Bow Saw
47:42 Imperial Age
47:52 Caravan
48:04 Capped Ram
49:04 Hand Cart
48:50 Town Patrol
49:02 Heavy Plow
51:21 Iron Casting
51:01 Chain Mail Armor
53:03 Blast Furnace
51:29 Halberdier
51:54 Arson
54:22 Plate Mail Armor
60:23 Siege Engineers
61:19 Chemistry
60:40 Ballistics
60:18 Heavy Scorpion
64:13 Siege Ram
Funeato
2:37 Loom
11:29 Feudal Age
14:18 Double-Bit Axe
14:19 Horse Collar
16:52 Castle Age
15:08 Gold Mining
19:28 Loom
20:13 Husbandry
21:30 Bloodlines
25:39 Town Watch
26:28 Scale Barding Armor
27:39 Chain Barding Armor
28:29 Bow Saw
28:44 Forging
30:44 Iron Casting
30:21 Heavy Plow
32:04 Wheelbarrow
36:18 Imperial Age
34:11 Fletching
35:21 Gold Shaft Mining
35:02 Stone Mining
36:27 Hand Cart
37:24 Conscription
36:30 Cavalier
38:36 Plate Barding Armor
39:26 Chemistry
39:43 Blast Furnace
39:31 Savar
41:28 Hoardings
41:28 Masonry
42:30 Devotion
43:55 Stone Shaft Mining
46:13 Caravan
47:07 Architecture
50:08 Town Patrol
51:38 Two-Man Saw
52:21 Murder Holes
52:59 Guard Tower
53:07 Elite War Elephant
55:41 Light Cavalry
56:30 Hussar
57:25 Citadels
60:47 Bodkin Arrow
66:06 Ballistics
Rodro JETS
7:32 Loom
12:21 Feudal Age
17:47 Castle Age
16:47 Double-Bit Axe
16:46 Horse Collar
17:42 Scale Mail Armor
18:09 Pikeman
23:16 Squires
26:18 Wheelbarrow
29:10 Hand Cart
28:41 Town Watch
30:02 Chain Mail Armor
29:57 Forging
30:52 Fletching
31:34 Treadmill Crane
34:33 Imperial Age
32:29 Heavy Plow
34:13 Iron Casting
33:29 Arson
33:30 Gambesons
34:40 Ballistics
34:28 Yasama
34:31 Murder Holes
35:16 Halberdier
36:31 Conscription
38:11 Elite Samurai
41:15 Plate Mail Armor
41:45 Blast Furnace
41:51 Stone Mining
41:51 Gold Mining
42:52 Capped Ram
44:55 Guard Tower
44:51 Arrowslits
45:12 Siege Engineers
46:08 Chemistry
45:09 Bodkin Arrow
46:28 Bracer
49:55 Gold Shaft Mining
56:57 Caravan
58:40 Keep
61:30 Man-at-Arms
62:44 Long Swordsman
65:37 Bow Saw
67:19 Two-Handed Swordsman
NuMa | Gacha
4:59 Loom
10:25 Feudal Age
11:16 Double-Bit Axe
16:10 Wheelbarrow
16:15 Fletching
17:06 Padded Archer Armor
21:44 Castle Age
20:33 Gold Mining
21:52 Crossbowman
22:56 Stone Mining
23:46 Bodkin Arrow
29:13 Leather Archer Armor
29:05 Town Watch
30:09 Hand Cart
30:04 Treadmill Crane
31:31 Thumb Ring
32:34 Town Patrol
36:02 Imperial Age
36:07 Ballistics
35:44 Murder Holes
36:38 Stone Shaft Mining
37:50 Chemistry
37:01 Arbalester
38:36 Conscription
39:14 Bracer
42:24 Silk Road
42:22 Pikeman
43:06 Squires
43:35 Forging
43:26 Scale Mail Armor
44:05 Arson
45:25 Elite Genoese Crossbowman
47:04 Chain Mail Armor
53:17 Iron Casting
55:00 Ring Archer Armor
55:30 Blast Furnace
74:06 Fortified Wall
NuMa | Jomaro
9:24 Loom
12:00 Feudal Age
18:17 Fletching
20:47 Padded Archer Armor
22:00 Gold Mining
22:55 Wheelbarrow
24:55 Castle Age
25:40 Crossbowman
26:24 Bodkin Arrow
26:44 Leather Archer Armor
29:01 Hand Cart
29:24 Gold Shaft Mining
28:38 Double-Bit Axe
30:36 Bow Saw
32:23 Ballistics
37:15 Imperial Age
36:52 Horse Collar
37:19 Stone Mining
37:25 Arbalester
38:08 Bracer
38:39 Ring Archer Armor
39:13 Chemistry
46:41 Conscription
49:05 Two-Man Saw
54:11 Capped Ram
66:56 Caravan
67:27 Coinage
72:55 Murder Holes
winter991
9:42 Loom
12:21 Feudal Age
16:28 Castle Age
14:55 Double-Bit Axe
16:06 Horse Collar
20:18 Husbandry
26:44 Bloodlines
28:59 Bow Saw
28:54 Heavy Plow
32:19 Imperial Age
30:19 Gold Mining
30:20 Stone Mining
31:11 Wheelbarrow
30:22 Town Watch
31:15 Forging
32:18 Hand Cart
32:40 Iron Casting
32:12 Scale Barding Armor
32:28 Town Patrol
32:09 Light Cavalry
34:40 Stone Shaft Mining
35:08 Two-Man Saw
34:40 Crop Rotation
34:00 Winged Hussar
36:05 Conscription
36:59 Chain Barding Armor
36:41 Scale Mail Armor
37:00 Tower Shields
37:53 Murder Holes
38:59 Chemistry
40:56 Plate Barding Armor
45:58 Elite Leitis
48:11 Fletching
48:22 Padded Archer Armor
48:46 Ballistics
48:06 Treadmill Crane
52:05 Fortified Wall
55:06 Hoardings
54:42 Caravan
59:33 Hill Forts
63:51 Coinage
63:32 Guilds
63:19 Bodkin Arrow
NuMa | Reize
3:44 Loom
10:48 Feudal Age
14:25 Castle Age
12:50 Double-Bit Axe
13:24 Horse Collar
14:29 Scale Barding Armor
15:36 Bloodlines
22:59 Forging
27:18 Iron Casting
27:10 Heavy Plow
29:11 Bow Saw
32:00 Wheelbarrow
31:14 Town Watch
36:33 Imperial Age
35:50 Hand Cart
35:57 Fletching
36:28 Chain Barding Armor
36:13 Heavy Camel Rider
36:14 Cavalier
36:27 Crossbowman
38:29 Two-Man Saw
38:14 Thumb Ring
38:05 Bodkin Arrow
38:46 Plate Barding Armor
39:03 Kamandaran
42:08 Blast Furnace
43:22 Town Patrol
43:49 Padded Archer Armor
44:37 Husbandry
50:17 Conscription
50:00 Scale Mail Armor
57:00 Light Cavalry
Connection lost

Rejoining the realm…

Still unreachable

The connection could not be restored.

Session expired

The server has moved on; the page needs a fresh start.